AoeStats
← El wey

Glade

503262415Analyzed
1v1 RM · 1mo ago on Aug 30, 2026· 39m 44s· 2 players
Game mode
Random Map
Map size
Tiny (2 player)
Population
200
Speed
Normal
Resources
Standard
Victory
Conquest
Starting age
Dark Age
Ending age
Imperial Age
RankedLock teamsTeams togetherTeam positionsShared explorationLock speedFull tech treeHidden civsTurbo modeCheats
Victory
Defeat
🇵🇪 Persians · Peru
1036
+16
🇦🇷 Ethiopians · Argentina
1035
-16
El wey
3:25 Loom
10:35 Feudal Age
11:05 Town Watch
11:22 Double-Bit Axe
12:27 Horse Collar
15:05 Wheelbarrow
19:36 Castle Age
18:16 Gold Mining
18:20 Stone Mining
20:27 Bow Saw
21:15 Town Patrol
23:39 Crossbowman
32:50 Imperial Age
30:29 Fletching
31:32 Thumb Ring
34:53 Arbalester
APOLO
2:01 Loom
11:07 Feudal Age
12:32 Double-Bit Axe
17:44 Castle Age
15:57 Horse Collar
16:49 Stone Mining
17:56 Gold Mining
23:57 Gold Shaft Mining
23:22 Town Watch
26:08 Fletching
27:26 Wheelbarrow
29:02 Ballistics
33:15 Imperial Age
31:05 Pikeman
35:00 Bow Saw
36:19 Chemistry
35:30 Masonry
35:49 Heavy Plow
37:49 Hoardings
38:29 Conscription
39:57 Citadels
39:50 Husbandry
40:01 Bloodlines
39:14 Cavalier
Connection lost

Rejoining the realm…

Still unreachable

The connection could not be restored.

Session expired

The server has moved on; the page needs a fresh start.